 Dungeon Crawl Stone Soup version 0.31-a0-1074-g0b22e4e0f1 (webtiles) character file.

Game seed: 12739020102981146069

151 Smoke131 the Trooper (level 5, -4/55 HPs)
             Began as an Ogre Gladiator on Dec 1, 2023.
             Killed from afar by an orc wizard (7 damage)
             ... with a puff of flame
             ... on level 3 of the Dungeon.
             The game lasted 00:06:17 (2507 turns).

Smoke131 the Trooper (Ogre Gladiator)               Turns: 2507, Time: 00:06:18

Health: -4/55      AC:  5    Str: 18 (20) XL:     5   Next: 33%
Magic:  5/5        EV: 10    Int:  7 (9)  God:
Gold:   142        SH:  0    Dex:  8 (10) Spells: 4/4 levels left

rFire   . . .        a - +0 trident
rCold   . . .        (no shield)
rNeg    . . .        b - +0 robe
rPois   +            c - +0 hat
rElec   .            (no cloak)
rCorr   .            (gloves unavailable)
SInv    .            (boots unavailable)
Will    .....        (no amulet)
Stlth   +            o - ring of poison resistance
HPRegen 0.29/turn    (no ring)
MPRegen 0.09/turn

%: no passive effects
@: no status effects
A: large, unfitting armour, tough skin 1, iridescent scales 1
a: no special abilities


You were on level 3 of the Dungeon.
You visited 1 branch of the dungeon, and saw 4 of its levels.

You collected 142 gold pieces.

Inventory:

Hand Weapons
 a - a +0 trident (weapon)
Missiles
 d - 3 throwing nets
 e - a large rock
 i - 5 boomerangs (quivered)
 q - 10 stones
Armour
 b - a +0 robe (worn)
 c - a +0 hat (worn)
Jewellery
 o - a ring of poison resistance (left hand)
Scrolls
 f - 3 scrolls of immolation {unknown}
 h - a scroll of noise {unknown}
 j - a scroll of blinking {unknown}
 l - 3 scrolls of identify {unknown}
 r - 2 scrolls of enchant weapon {unknown}
Potions
 g - a potion of mutation
 k - a potion of brilliance {unknown}
 m - a potion of degeneration
 n - a potion of lignification {unknown}
 p - a potion of might {unknown}


   Skills:
 + Level 4.6 Fighting
 + Level 4.0 Polearms
 + Level 3.3 Throwing
 - Level 3.0 Dodging


You had 4 spell levels left.
You didn't know any spells.
Your spell library contained the following spells:

 Spells                   Type           Power      Damage    Failure   Level
 Ignite Poison            Fire/Tmut/Pois 0%         N/A       80%         3
 Sticky Flame             Conj/Fire      0%         2d3       99%         4
 Ignition                 Fire           0%         3d3       100%        8


Dungeon Overview and Level Annotations

Branches:
Dungeon (4/15)
 Temple: D:4-7

Altars:


Innate Abilities, Weirdness & Mutations

You are too large for most types of armour.
You have tough skin. (AC +1)
You are partially covered in iridescent scales. (AC +2)


Message History

The puff of flame hits you! The orc closely misses you.
Throw: 5 boomerangs
Press: ? - help, Q - select action, (/) - cycle Shift-Dir - straight line, f/p - orc wizard
Aim: an orc wizard, wielding a +0 dagger of electrocution and wearing a +0 robe (47% to hit)
You throw a boomerang. The boomerang hits the orc wizard.
The orc wizard is moderately wounded.
The orc wizard barely misses you. The orc misses you.
Throw: 5 boomerangs
Press: ? - help, Q - select action, (/) - cycle Shift-Dir - straight line, f/p - orc wizard
Aim: an orc wizard, wielding a +0 dagger of electrocution and wearing a +0 robe (moderately wounded, 47% to hit)
You throw a boomerang. The boomerang misses the orc wizard.
The orc wizard points at you and mumbles some strange words.
The puff of flame hits you! The orc barely misses you.
Throw: 5 boomerangs
Press: ? - help, Q - select action, (/) - cycle Shift-Dir - straight line, f/p - orc wizard
Aim: an orc wizard, wielding a +0 dagger of electrocution and wearing a +0 robe (moderately wounded, 47% to hit)
You throw a boomerang.
The boomerang barely misses the orc wizard.
The orc wizard hits you with a +0 dagger of electrocution.
You are electrocuted!
* * * LOW HITPOINT WARNING * * *
The orc misses you.
Throw: 5 boomerangs
Press: ? - help, Q - select action, (/) - cycle Shift-Dir - straight line, f/p - orc wizard
Aim: an orc wizard, wielding a +0 dagger of electrocution and wearing a +0 robe (moderately wounded, 47% to hit)
You throw a boomerang.
The boomerang completely misses the orc wizard.
The orc wizard closely misses you. The orc barely misses you.
The orc wizard completely misses you. The orc misses you.
It was a potion of mutation.
You feel extremely strange.
Iridescent scales grow over part of your body.
The orc wizard hits you with a +0 dagger of electrocution.
* * * LOW HITPOINT WARNING * * *
The orc barely misses you.
It was a potion of degeneration.
There was something very wrong with that liquid.
You feel weakened.
You feel dopey.
You feel clumsy.
The orc wizard points at you and mumbles some strange words.
The puff of flame hits you!
You die...

...#........#.# #.#
.......####.#.###########.###
............................###
...###......#.....##<.........#
...####.#............####.#.#.#
..................##.####.#.#.###
.####.#.#.................#.#....
.####.#.#.#.....#.##.######.#####
...............)@o...# #.#
.####.#.#.......o.#########.#
#####.#.######...........##.#
........#######..#######.##.###
#####...##.........#####.##.#.#
#...##.####..#.......##...#
#...##.# #..############.#
#......# #.............#.#
#..##### #.<##########.#.#


You could see an orc wizard and an orc.

Vanquished Creatures
  Jessica (D:2)
  4 adders
  2 worms
  A dart slug (D:2)
  6 orcs (D:3)
  7 ball pythons
  6 bats
  5 endoplasms
  4 giant cockroaches
  6 goblins
  3 hobgoblins (D:1)
  8 jackals
  A quokka (D:1)
  5 frilled lizards
  10 kobolds
  4 rats
73 creatures vanquished.

Notes
Turn   | Place    | Note
-------+----------+-------------------------------------------
     0 | D:1      | Smoke131 the Ogre Gladiator began the quest for the Orb.
     0 | D:1      | Reached XP level 1. HP: 22/22 MP: 1/1
    56 | D:1      | Reached XP level 2. HP: 20/31 MP: 2/2
   280 | D:1      | Reached XP level 3. HP: 18/37 MP: 3/3
  1023 | D:2      | Noticed Jessica
  1042 | D:2      | Killed Jessica
  1043 | D:2      | Reached XP level 4. HP: 44/48 MP: 4/4
  1631 | D:3      | Reached XP level 5. HP: 53/54 MP: 5/5
  2506 | D:3      | Gained mutation: You are partially covered in iridescent
                  | scales. (AC +2) [potion of mutation]
  2506 | D:3      | HP: 2/55 [orc wizard/+0 dagger of electrocution (3)]
  2507 | D:3      | Killed from afar by an orc wizard

Illustrated notes

Levels and vault maps discovered:
D:1:      dpeg_arrival_line_fractal, layout_rooms
D:2:      layout_basic, uniq_jessica
D:3:      layout_basic
D:4:      layout_rooms, minmay_temple_entry_water_ring,
          nicolae_ossuary_entry_giza, dk_noncrumbling_2, chequers_avenue,
          uniq_edmund

Skill      XL: |  1  2  3  4  5 |
---------------+----------------+-----
Fighting       | 3 4 |  4.6
Dodging        | 3 |  3.0
Throwing       | 3 |  3.3
Polearms       | 4 |  4.0

Action                     |  1- 3 |  4- 6 || total
---------------------------+-------+-------++-------
  Melee: Trident           |   147 |   102 ||   249
         Punch             |     2 |       ||     2
  Throw: Boomerang         |     5 |     8 ||    13
         Stone             |       |     2 ||     2
    Use: Potion            |       |     2 ||     2
   Stab: Sleeping          |     1 |     1 ||     2
 Armour: Robe              |   109 |    65 ||   174
  Dodge: Dodged            |    84 |    72 ||   156

Table legend: (Time is in decaauts)
 A = Elapsed time spent in this place.
 B = Non-inter-level travel time spent in this place.
 C = Inter-level travel time spent in this place.
 D = Time resting spent in this place.
 E = Time spent auto-exploring this place.
 F = Levels seen in this place.
 G = Mean time per level.
                   A        B        C        D        E       F      G
               +--------+--------+--------+--------+--------+-----+--------+
         Total |   2540 |   2472 |     68 |      0 |   1831 |   4 |  635.0 |
       Dungeon |   2540 |   2472 |     68 |      0 |   1831 |   4 |  635.0 |
               +--------+--------+--------+--------+--------+-----+--------+

Top non-repeatable levels by time:
     D:2: 953 daAuts
     D:3: 925 daAuts
     D:1: 656 daAuts
     D:4: 4 daAuts
